 Dungeon Crawl Stone Soup version 0.29.1 (webtiles) character file.

Game seed: 12441181113140556069

1817 qw the Cleaver (level 9, -3/55 HPs)
             Began as a Gargoyle Fighter on Sept 13, 2022.
             Was an Initiate of Okawaru.
             Slain by an orc warrior
             ... wielding a +0 glaive
              (5 damage)
             ... on level 7 of the Dungeon.
             The game lasted 00:02:28 (7683 turns).

qw the Cleaver (Gargoyle Fighter)                   Turns: 7683, Time: 00:02:28

Health: -3/55      AC: 21    Str: 23    XL:     9   Next: 10%
Magic:  9/9        EV:  8    Int: 10    God:    Okawaru [......]
Gold:   48         SH:  4    Dex:  9    Spells: 8/8 levels left

rFire   . . .      SeeInvis .   Y - +4 war axe (vamp)
rCold   . . .      Faith    .   c - +0 buckler
rNeg    + . .      Spirit   .   q - +0 chain mail
rPois   inf        Reflect  .   p - +0 helmet
rElec   +          Harm     .   o - +0 cloak
rCorr   .          Rampage  .   n - +2 pair of gloves
Will    +....                   (no boots)
Stlth   ..........              j - amulet of the acrobat
HPRegen 0.18/turn               s - ring of willpower
MPRegen 0.11/turn               (no ring)

@: about to teleport
A: sickness immunity, AC +6, negative energy resistance 1, electricity
resistance, torment resistance 1, petrification resistance
a: Renounce Religion


You were on level 7 of the Dungeon.
You worshipped Okawaru.
Okawaru was noncommittal.
You visited 2 branches of the dungeon, and saw 8 of its levels.

You collected 425 gold pieces.
You spent 377 gold pieces at shops.


Innate Abilities, Weirdness & Mutations

You are immune to sickness and miasma.
Your stone body is resilient. (AC +6)
You are immune to poison.
You resist negative energy. (rN+)
You are resistant to electric shocks. (rElec)
You are resistant to unholy torment.
You are immune to petrification.


   Skills:
 - Level 6.3 Fighting
 - Level 9.0 Axes
 - Level 1.0 Throwing
 + Level 4.0 Armour
 - Level 1.6 Dodging
 - Level 3.7 Shields


You had 8 spell levels left.
You didn't know any spells.
Your spell library was empty.

Inventory:

Hand Weapons
 x - a +0 flail
 Y - a +4 vampiric war axe (weapon)
Missiles
 v - 3 boomerangs (quivered)
Armour
 c - a +0 buckler (worn)
 n - a +2 pair of gloves (worn)
 o - a +0 cloak (worn)
 p - a +0 helmet (worn)
 q - a +0 chain mail (worn)
Jewellery
 j - an amulet of the acrobat (around neck)
 s - a ring of willpower (left hand)
Scrolls
 g - a scroll of identify
 w - a scroll of teleportation
Potions
 a - a potion of berserk rage {unknown}
 b - 2 potions of heal wounds
 d - 4 potions of might
 e - 3 potions of attraction
 f - a potion of brilliance {unknown}
 h - a potion of invisibility {unknown}
 i - 7 potions of curing
 k - a potion of cancellation {unknown}
 l - a potion of degeneration {unknown}
 m - 4 potions of haste
 t - a potion of lignification
 u - a potion of magic

Dungeon Overview and Level Annotations

Branches:
Dungeon (7/15)             Temple (1/1) D:6

Altars:
Cheibriados
Dithmenos
Elyvilon
Fedhas
Gozag
Hepliaklqana
Kikubaaqudgha
Makhleb
Okawaru
Ru
Trog
Uskayaw
Vehumet
Wu Jian
Xom
Yredelemnul
Zin
The Shining One

Shops:
D:6 !?:*

Annotations:
D:4 2 transporters
D:5 3 runed translucent doors, qw's ghost, novice GrFi


Message History

You kill the orc wizard!
Okawaru accepts your kill. The orc hits you but does no damage.
The orc warrior hits you but does no damage.
The orc misses you.
The orc warrior hits you with a +0 glaive.
You hit the orc warrior.
The orc warrior is lightly wounded.
You closely miss the orc. The orc hits you but does no damage.
The orc warrior hits you with a +0 glaive!
You completely miss the orc warrior.
The orc warrior is lightly wounded.
You barely miss the orc. The orc hits you but does no damage.
The orc warrior closely misses you.
You slash the orc warrior!
You feel better.
The orc warrior is heavily wounded.
You barely miss the orc. The orc warrior closely misses you.
The orc hits you with a +0 trident.
You closely miss the orc warrior.
The orc warrior is heavily wounded.
You hit the orc.
You feel better. The orc hits you but does no damage.
The orc warrior hits you with a +0 glaive!
You hit the orc.
You kill the orc!
Okawaru accepts your kill.
You closely miss the orc warrior.
The orc warrior hits you with a +0 glaive!
You closely miss the orc warrior.
The orc warrior is heavily wounded.
You block the orc warrior's attack.
You barely miss the orc warrior.
The orc warrior is heavily wounded.
The orc warrior hits you with a +0 glaive!
7683 ||| READING 2 scrolls of teleportation.
As you read the scroll of teleportation, it crumbles to dust.
You feel strangely unstable.
The orc warrior hits you with a +0 glaive.
You die...

# ..#
#..#####........#
.# .# ...#
#.......... .# . #
#.........# ..
..#. #........##
... .....
##......###
.....####......##
......#....##..#
........).## ..#
......)@.## ....
.......o).....##..
.###........### ##
##......##
#....### ##..##
#.## #.


You could see an orc warrior.

Vanquished Creatures
  Grinder (D:3)
  A black bear (D:7)
  An ice beast (D:6)
  An ogre (D:4)
  Blork the orc (D:5)
  2 kobold brigands (D:6)
  4 necrophages
  A bullfrog (D:5)
  3 scorpions
  3 howler monkeys
  5 hounds
  3 iguanas
  2 orc wizards (D:7)
  4 gnolls (D:5)
  5 adders
  A shadow imp (D:4)
  5 white imps
  An ufetubus (D:6)
  2 worms (D:4)
  2 dart slugs
  19 orcs
  7 endoplasms
  6 giant cockroaches
  8 goblins
  7 hobgoblins
  6 jackals
  12 quokkas
  6 ball pythons
  4 bats
  6 frilled lizards
  16 kobolds
  7 rats
152 creatures vanquished.

Vanquished Creatures (others)
  4 demonic plants (D:6)
  12 plants (D:6)
16 creatures vanquished.

Grand Total: 168 creatures vanquished

Notes
Turn   | Place    | Note
-------+----------+-------------------------------------------
     0 | D:1      | qw the Gargoyle Fighter began the quest for the Orb.
     0 | D:1      | Reached XP level 1. HP: 14/14 MP: 1/1
     0 | D:1      | 0 ||| qw: Version: 0.1-a-119-g272c26d
     0 | D:1      | 0 ||| qw: Game counter: 11282
     0 | D:1      | 0 ||| qw: Always use a shield: true
     0 | D:1      | 0 ||| qw: God list: Okawaru
     0 | D:1      | 0 ||| qw: Allow faded altars: false
     0 | D:1      | 0 ||| qw: Do Orc after D:15 true
     0 | D:1      | 0 ||| qw: Do second Lair branch before Depths: true
     0 | D:1      | 0 ||| qw: Lair rune preference: random
     0 | D:1      | 0 ||| qw: Plans: Normal, Zot, God:TSO, Crypt, Tomb, Pan,
                  | Slime, Hells, Zig, Abyss, Orb
     0 | D:1      | 0 ||| PLANNING D:1-11
    61 | D:1      | Reached skill level 2 in Axes
    85 | D:1      | 85 ||| Stepping ~*~*~tactically~*~*~ (stealth).
    94 | D:1      | Reached XP level 2. HP: 19/19 MP: 2/2
   350 | D:1      | 350 ||| Stepping ~*~*~tactically~*~*~ (stealth).
   360 | D:1      | Reached skill level 3 in Axes
   361 | D:1      | 361 ||| Stepping ~*~*~tactically~*~*~ (stealth).
   368 | D:1      | Reached XP level 3. HP: 17/23 MP: 3/3
   570 | D:1      | Found a faded altar of an unknown god.
   589 | D:1      | Reached skill level 1 in Throwing
  1111 | D:1      | 1111 ||| UPGRADING to +2 pair of gloves.
  1116 | D:1      | 1116 ||| READING scroll labelled QISKIVOOSE.
  1121 | D:1      | 1121 ||| READING scroll labelled OXALLUBIOG QETAENK.
  1122 | D:1      | 1122 ||| READING scroll labelled PIDWA IN IXKUM.
  1123 | D:1      | 1123 ||| READING scroll labelled EDUIXENEN.
  1124 | D:1      | 1124 ||| READING scroll labelled YFUCRAC XENARR.
  1211 | D:2      | 1211 ||| FLEEEEING.
  1212 | D:2      | 1212 ||| FLEEEEING.
  1213 | D:2      | 1213 ||| FLEEEEING.
  1214 | D:2      | 1214 ||| FLEEEEING.
  1215 | D:2      | 1215 ||| FLEEEEING.
  1216 | D:2      | 1216 ||| FLEEEEING.
  1217 | D:2      | 1217 ||| FLEEEEING.
  1218 | D:2      | 1218 ||| STAIRDANCE
  1474 | D:2      | 1474 ||| Stepping ~*~*~tactically~*~*~ (stealth).
  1538 | D:2      | 1538 ||| Stepping ~*~*~tactically~*~*~ (stealth).
  1545 | D:2      | Reached XP level 4. HP: 28/28 MP: 4/4
  1545 | D:2      | 1545 ||| Stepping ~*~*~tactically~*~*~ (stealth).
  1547 | D:2      | 1547 ||| Stepping ~*~*~tactically~*~*~ (stealth).
  1751 | D:2      | 1751 ||| Stepping ~*~*~tactically~*~*~ (stealth).
  1753 | D:2      | 1753 ||| Stepping ~*~*~tactically~*~*~ (stealth).
  1777 | D:2      | 1777 ||| DROPPING +0 club.
  1833 | D:2      | 1833 ||| Stepping ~*~*~tactically~*~*~ (stealth).
  1834 | D:2      | 1834 ||| Stepping ~*~*~tactically~*~*~ (stealth).
  1955 | D:2      | 1955 ||| Stepping ~*~*~tactically~*~*~ (stealth).
  2194 | D:2      | 2194 ||| UPGRADING to amulet of the acrobat.
  2199 | D:2      | 2199 ||| DROPPING ring of magical power.
  2200 | D:2      | 2200 ||| READING 2 scrolls labelled EPTUEN ZOUX.
  2201 | D:2      | 2201 ||| READING scroll of enchant weapon.
  2201 | D:2      | 2201 ||| ENCHANTING +1 vorpal war axe.
  2202 | D:2      | 2202 ||| READING scroll labelled REICHUZODY.
  2203 | D:2      | 2203 ||| DRINKING 3 pink potions.
  2204 | D:2      | 2204 ||| DRINKING 3 inky potions.
  2205 | D:2      | 2205 ||| DROPPING 2 potions of flight.
  2286 | D:3      | Found a hazy altar of Hepliaklqana.
  2375 | D:3      | Found a blossoming altar of Fedhas.
  2434 | D:3      | Reached skill level 4 in Axes
  2558 | D:3      | Noticed Grinder
  2571 | D:3      | HP: 5/28 [Grinder/bolt of dispelling energy (10)]
  2572 | D:3      | 2572 ||| READING scroll of teleportation.
  2574 | D:3      | HP: 2/28 [Grinder (1)]
  2911 | D:3      | Paralysed by Grinder for 3 turns
  2915 | D:3      | HP: 2/28 [Grinder/bolt of dispelling energy (13)]
  2916 | D:3      | You fall into a shaft and drop 2 floors!
  2916 | D:5      | Entered Level 5 of the Dungeon
  2917 | D:5      | 2917 ||| PLANNING SEWER
  3210 | D:5      | Noticed Blork the orc
  3214 | D:5      | Killed Blork the orc
  3215 | D:5      | Reached XP level 5. HP: 32/32 MP: 5/5
  3246 | D:5      | Reached skill level 5 in Axes
  3246 | D:5      | Reached XP level 6. HP: 37/37 MP: 6/6
  3439 | D:5      | Reached skill level 1 in Dodging
  3489 | D:5      | 3489 ||| Stepping ~*~*~tactically~*~*~ (hiding).
  3492 | D:5      | 3492 ||| Stepping ~*~*~tactically~*~*~ (hiding).
  3562 | D:5      | 3562 ||| RIP SEWER
  3565 | D:5      | 3565 ||| PLANNING D:1-11
  3565 | D:5      | 3565 ||| DROPPING +0 whip.
  3682 | D:5      | 3682 ||| Stepping ~*~*~tactically~*~*~ (hiding).
  3691 | D:5      | Reached XP level 7. HP: 29/43 MP: 7/7
  3863 | D:5      | Found a runed translucent gate.
  3863 | D:5      | Found a runed translucent gate.
  3864 | D:5      | Found a runed translucent gate.
  3866 | D:5      | Noticed qw's ghost (novice GrFi)
  3913 | D:5      | Reached skill level 6 in Axes
  3923 | D:5      | 3923 ||| Stepping ~*~*~tactically~*~*~ (stealth).
  3927 | D:5      | 3927 ||| Stepping ~*~*~tactically~*~*~ (stealth).
  3972 | D:5      | 3972 ||| UPGRADING to +0 helmet.
  3977 | D:5      | 3977 ||| DROPPING +1 pair of gloves of infusion.
  3978 | D:5      | 3978 ||| DROPPING orb of mayhem.
  3979 | D:5      | 3979 ||| READING 3 scrolls labelled YTHEPN RIOKE.
  3980 | D:5      | 3980 ||| READING scroll labelled YMIMOE COTUSCH.
  3981 | D:5      | 3981 ||| READING scroll labelled LAS WASHIRPH.
  3982 | D:5      | 3982 ||| DRINKING 4 amethyst potions.
  3983 | D:5      | 3983 ||| DRINKING 2 grey potions.
  4059 | D:5      | 4059 ||| DROPPING 2 scrolls of noise.
  4244 | D:4      | 4244 ||| Stepping ~*~*~tactically~*~*~ (hiding).
  4246 | D:4      | 4246 ||| Stepping ~*~*~tactically~*~*~ (hiding).
  4256 | D:4      | 4256 ||| Stepping ~*~*~tactically~*~*~ (hiding).
  4360 | D:4      | 4360 ||| DRINKING 2 metallic pink potions.
  4372 | D:3      | 4372 ||| READING 2 scrolls of teleportation.
  4436 | D:3      | 4436 ||| Stepping ~*~*~tactically~*~*~ (stealth).
  4437 | D:3      | 4437 ||| Stepping ~*~*~tactically~*~*~ (stealth).
  4446 | D:3      | Killed Grinder
  4447 | D:3      | Reached skill level 7 in Axes
  4983 | D:3      | 4983 ||| UPGRADING to +0 cloak.
  4988 | D:3      | 4988 ||| READING scroll labelled ETWISI RUKLUS.
  5009 | D:4      | Reached XP level 8. HP: 42/48 MP: 8/8
  5009 | D:4      | 5009 ||| STAIRDANCE
  5160 | D:4      | Found a white marble altar of Elyvilon.
  5165 | D:4      | Found a transporter.
  5177 | D:4      | Found a transporter.
  5511 | D:4      | 5511 ||| READING scroll of enchant weapon.
  5511 | D:4      | 5511 ||| ENCHANTING +2 vorpal war axe.
  5676 | D:4      | 5676 ||| UPGRADING to +0 chain mail.
  5686 | D:4      | 5686 ||| DROPPING +0 scale mail.
  6359 | D:6      | 6359 ||| Stepping ~*~*~tactically~*~*~ (stealth).
  6371 | D:6      | 6371 ||| Stepping ~*~*~tactically~*~*~ (stealth).
  6431 | D:6      | Found a burning altar of Makhleb.
  6445 | D:6      | Found Verep's Distillery.
  6450 | D:6      | 6450 ||| BUYING potion of attraction (39 gold).
  6450 | D:6      | Bought a potion of attraction for 39 gold pieces
  6450 | D:6      | 6450 ||| BUYING potion of curing (39 gold).
  6450 | D:6      | Bought a potion of curing for 39 gold pieces
  6450 | D:6      | 6450 ||| BUYING potion of curing (39 gold).
  6450 | D:6      | Bought a potion of curing for 39 gold pieces
  6450 | D:6      | 6450 ||| BUYING potion of haste (130 gold).
  6450 | D:6      | Bought a potion of haste for 130 gold pieces
  6450 | D:6      | 6450 ||| BUYING potion of heal wounds (65 gold).
  6450 | D:6      | Bought a potion of heal wounds for 65 gold pieces
  6450 | D:6      | 6450 ||| BUYING potion of heal wounds (65 gold).
  6450 | D:6      | Bought a potion of heal wounds for 65 gold pieces
  6450 | D:6      | 6450 ||| SHOPLISTING potion of might (52 gold, have 3).
  6450 | D:6      | 6450 ||| SHOPLISTING potion of mutation (104 gold, have 3).
  6473 | D:6      | Found Jemoitro's Magic Scroll Boutique.
  6481 | D:6      | 6481 ||| SHOPLISTING scroll of blinking (90 gold, have 3).
  6481 | D:6      | 6481 ||| SHOPLISTING scroll of enchant armour (90 gold,
                  | have 3).
  6481 | D:6      | 6481 ||| SHOPLISTING scroll of fog (48 gold, have 3).
  6481 | D:6      | 6481 ||| SHOPLISTING scroll of identify (24 gold, have 3).
  6485 | D:6      | Found Narhoqytt's Book Shop.
  6495 | D:6      | 6495 ||| Stepping ~*~*~tactically~*~*~ (stealth).
  6497 | D:6      | 6497 ||| Stepping ~*~*~tactically~*~*~ (hiding).
  6531 | D:6      | 6531 ||| Stepping ~*~*~tactically~*~*~ (stealth).
  6538 | D:6      | Reached skill level 8 in Axes
  6543 | D:6      | 6543 ||| Stepping ~*~*~tactically~*~*~ (stealth).
  6642 | D:6      | Found a staircase to the Ecumenical Temple.
  6643 | D:6      | 6643 ||| PLANNING TEMPLE
  6643 | D:6      | 6643 ||| DROPPING ring of wizardry.
  6644 | D:6      | 6644 ||| READING scroll labelled TATEBU CISYF.
  6650 | D:6      | 6650 ||| FLEEEEING.
  6652 | D:6      | 6652 ||| FLEEEEING.
  6659 | D:6      | Found Rohesix's General Store.
  6676 | D:6      | 6676 ||| FLEEEEING.
  6694 | D:6      | 6694 ||| Stepping ~*~*~tactically~*~*~ (stealth).
  6697 | D:6      | 6697 ||| FLEEEEING.
  6698 | D:6      | 6698 ||| FLEEEEING.
  6699 | D:6      | 6699 ||| FLEEEEING.
  6700 | D:6      | 6700 ||| FLEEEEING.
  6701 | D:6      | 6701 ||| FLEEEEING.
  6702 | D:6      | 6702 ||| FLEEEEING.
  6703 | D:6      | 6703 ||| FLEEEEING.
  6704 | D:6      | 6704 ||| FLEEEEING.
  6705 | D:6      | 6705 ||| FLEEEEING.
  6708 | D:6      | 6708 ||| FLEEEEING.
  6710 | D:6      | 6710 ||| FLEEEEING.
  6711 | D:6      | 6711 ||| FLEEEEING.
  6712 | D:6      | 6712 ||| STAIRDANCE
  6825 | D:6      | 6825 ||| Stepping ~*~*~tactically~*~*~ (stealth).
  6833 | D:6      | Reached skill level 6 in Fighting
  6835 | Temple   | Entered the Ecumenical Temple
  6869 | Temple   | 6869 ||| PLANNING D:1-11
  6887 | Temple   | Became a worshipper of Warmaster Okawaru
  6907 | D:6      | 6907 ||| Stepping ~*~*~tactically~*~*~ (stealth).
  6928 | D:6      | 6928 ||| SHOPLISTING scroll of teleportation (39 gold, have
                  | 24).
  6936 | D:6      | 6936 ||| READING scroll of enchant weapon.
  6936 | D:6      | 6936 ||| ENCHANTING +3 vorpal war axe.
  7046 | D:6      | 7046 ||| READING scroll of brand weapon.
  7046 | D:6      | 7046 ||| BRANDING +4 vorpal war axe.
  7117 | D:6      | Found a basalt altar of Yredelemnul.
  7221 | D:6      | Found a glowing golden altar of the Shining One.
  7235 | D:6      | Found an opulent altar of Gozag.
  7333 | D:6      | 7333 ||| DROPPING amulet of guardian spirit.
  7334 | D:6      | 7334 ||| UPGRADING to ring of willpower.
  7335 | D:6      | 7335 ||| DRINKING 2 fuming black potions.
  7395 | D:7      | HP: 7/51 [orc warrior/+0 battleaxe (8)]
  7396 | D:7      | 7396 ||| READING 3 scrolls of teleportation.
  7397 | D:7      | 7397 ||| DRINKING 2 potions of heal wounds.
  7552 | D:7      | Reached XP level 9. HP: 55/55 MP: 9/9
  7568 | D:7      | Reached skill level 9 in Axes
  7572 | D:7      | 7572 ||| Stepping ~*~*~tactically~*~*~ (stealth).
  7682 | D:7      | HP: 2/55 [orc warrior/+0 glaive (14)]
  7683 | D:7      | 7683 ||| READING 2 scrolls of teleportation.
  7683 | D:7      | Slain by an orc warrior

Levels and vault maps discovered:
D:1:      erik_arrival_cave_to_civilisation [erik_arrival_cave_to_hall],
          layout_basic, shapermc_ecumenical_altar_totnotflames,
          minmay_hexomino_f4
D:2:      layout_loops_ring, serial_co_window_serial, co_window_paths_b,
          co_window_paths_a, co_window_paths_b, co_window_of_opportunity_a,
          co_window_corner_a, co_window_corner_a, co_window_paths_b,
          co_window_2corner, co_window_broadway_c, co_window_paths_c,
          co_window_broadway_c, co_window_broadway_b, co_window_2corner,
          glass_columns_c, glass_columns_c, glass_columns_c, glass_columns_a,
          glass_columns_c, minmay_tripent
D:3:      layout_basic, nicolae_overflow_hidden_temple, fedhas_altar_3,
          uniq_grinder
D:4:      layout_gridville, gammafunk_temple_overflow_arena,
          small_statue_intersection, nicolae_hexahallways
D:5:      layout_rooms, gammafunk_ghost_necromancy, gup_sewer_entry_pipe,
          st_stairs_13, minmay_joined_circles, uniq_blork_the_orc
D:6:      layout_gridville, yredelemnul_altar_generic,
          mainiacjoe_overflow_large_starburst, lemuel_tele_altar,
          minmay_temple_entry_water_ring, serial_demonic, serial_demonic_c,
          serial_demonic_g, serial_demonic_g, serial_demonic_f, serial_shops,
          nicolae_shop_competitors_out_of_business, shop, shop, shop,
          grunt_decor_one_mirror, kennysheep_nondescript,
          lexackson_kobold_supper
D:7:      layout_layer_cave, uniq_menkaure
Temple:   hellmonk_temple_of_storms

Skill      XL: |  1  2  3  4  5  6  7  8  9 |
---------------+----------------------------+-----
Axes           | 2 3 4 5 7 8 9 |  9.0
Throwing       | 1 |  1.0
Fighting       | 4 6 |  6.3
Dodging        | 1 |  1.6
Armour         | 4 |  4.0
Shields        | |  3.7

Action                   |  1- 3 |  4- 6 |  7- 9 || total
-------------------------+-------+-------+-------++-------
Melee: War axe           |    84 |    93 |   208 ||   385
Throw: Javelin           |    28 |    17 |     5 ||    50
       Boomerang         |       |       |    27 ||    27
  Use: Scroll            |     5 |     4 |    11 ||    20
       Potion            |       |     2 |     5 ||     7
Armor: Scale mail        |    43 |    44 |    18 ||   105
       Chain mail        |       |       |    72 ||    72
Dodge: Dodged            |    38 |    44 |    96 ||   178
Block: Buckler           |    18 |    11 |    32 ||    61

Table legend:
 A = Non-vault XP
 B = Vault XP
 C = Vault XP percentage of total XP
 D = Non-vault monster count
 E = Vault monster count
 F = Vault count percentage of total count
                 A         B        C        D         E       F
            +---------+---------+-------+---------+---------+-------
      Total |    1767 |     829 |  31.9 |     112 |      40 |  26.3
            +---------+---------+-------+---------+---------+-------
        D:1 |      46 |      10 |  17.9 |      26 |       6 |  18.8
        D:2 |      51 |       4 |   7.3 |      17 |       2 |  10.5
        D:3 |      38 |     281 |  88.1 |      14 |       1 |   6.7
        D:4 |     341 |       0 |   0.0 |      19 |       0 |   0.0
        D:5 |     201 |     402 |  66.7 |       9 |      20 |  69.0
        D:6 |     684 |     132 |  16.2 |      17 |      11 |  39.3
        D:7 |     406 |       0 |   0.0 |      10 |       0 |   0.0
            +---------+---------+-------+---------+---------+-------
